 Dungeon Crawl Stone Soup version 0.30-a0-347-gf58ed5266c (webtiles) character file.

Game seed: 14259735999036241834

1589 Flugkiller the Covert (level 7, 0/52 HPs)
             Began as an Octopode Brigand on Nov 6, 2022.
             Was a Priest of Ru.
             Slain by a scorpion (6 damage)
             ... on level 7 of the Dungeon.
             The game lasted 00:10:08 (6935 turns).

Flugkiller the Covert (Octopode Brigand)            Turns: 6935, Time: 00:10:08

Health: 0/52       AC:  1    Str: 14    XL:     7   Next: 92%
Magic:  7/7        EV: 16    Int: 13    God:    Ru [***...]
Gold:   310        SH:  5    Dex: 14    Spells: 6/6 levels left

rFire   x . .      SeeInvis .    x - +9 flail
rCold   x . .      Faith    .    (no shield)
rNeg    . . .      Spirit   .    (helmet restricted)
rPois   .          Reflect  +    d - amulet of reflection
rElec   .          Harm     .    (no ring)
rCorr   .          Rampage  .    (no ring)
Will    .....                    (no ring)
Stlth   +++++.....               (no ring)
HPRegen 0.28/turn                (no ring)
MPRegen 0.10/turn                (no ring)
                                 (no ring)
                                 (no ring)

@: no status effects
A: almost no armour, amphibious, 8 rings, camouflage 1, gelatinous body 1,
inexperienced 1, temperature sensitive, (nimble swimmer 1), tentacles, strong 1
a: Renounce Religion, Draw Out Power


You were on level 7 of the Dungeon.
You worshipped Ru.
Ru was most pleased with you.
You visited 1 branch of the dungeon, and saw 7 of its levels.

You collected 310 gold pieces.

Inventory:

Hand Weapons
 a - a +2 dagger
 v - a +5 war axe
   (You took it off a wight on level 5 of the Dungeon)
 x - a +9 flail (weapon)
   (You took it off a gnoll sergeant on level 6 of the Dungeon)
Missiles
 b - 9 poisoned darts (quivered)
 j - 2 curare-tipped darts
Armour
 w - a +0 kite shield
   (You took it off a gnoll sergeant on level 6 of the Dungeon)
Jewellery
 d - an amulet of reflection (around mantle)
   (You found it on level 3 of the Dungeon)
Scrolls
 g - 2 scrolls of vulnerability
 i - 2 scrolls of enchant armour
 o - a scroll of summoning
 p - a scroll of immolation
 r - a scroll of blinking {unknown}
 s - a scroll of silence {unknown}
 t - 2 scrolls of teleportation
 u - a scroll of poison {unknown}
Potions
 c - a potion of lignification
 e - 2 potions of invisibility
 f - a potion of might {unknown}
 h - a potion of cancellation
 k - 2 potions of mutation
 l - a potion of magic {unknown}
 m - 2 potions of brilliance
 n - a potion of ambrosia {unknown}
 q - 3 potions of curing


   Skills:
 - Level 6.0 Fighting
 - Level 4.0 Short Blades
 + Level 2.2 Axes
 - Level 2.0 Throwing
 + Level 6.5 Dodging
 - Level 9.0 Stealth


You had 6 spell levels left.
You didn't know any spells.
Your spell library contained the following spells:

 Spells                   Type           Power      Damage    Failure   Level
 Kiss of Death            Conj/Necr      0%         2d5       30%         1
 Call Canine Familiar     Summ           0%         N/A       67%         3
 Confusing Touch          Hex            0%         N/A       67%         3
 Portal Projectile        Hex/Tloc       0%         N/A       67%         3
 Tukima's Dance           Hex            0%         N/A       67%         3
 Dispel Undead            Necr           0%         3d6       97%         4
 Leda's Liquefaction      Hex/Erth       0%         N/A       97%         4
 Blade Hands              Tmut           0%         N/A       100%        5


Dungeon Overview and Level Annotations

Branches:
Dungeon (7/15) Zot: 26934  Temple (0/1) D:5

Altars:
Cheibriados
Dithmenos
Hepliaklqana
Makhleb
Ru
Trog

Shops:
D:3 (

Annotations:
D:4 exclusion: 2 ogres
D:5 exclusions: kobold brigand and shadow
D:6 2 transporters


Innate Abilities, Weirdness & Mutations

You cannot wear most types of armour.
You are amphibious.
You can wear up to eight rings at the same time.
Your skin changes colour to match your surroundings (Stealth+).
Your rubbery body absorbs attacks. (AC +1, EV +1)
You are somewhat inexperienced. (-1 XL)
You are sensitive to extremes of temperature. (rF-, rC-)
((You are camouflaged when in or above water. (Stealth+)))
You have tentacles for arms and can constrict up to eight enemies at once.
Your muscles are strong. (Str +4, Int/Dex -1)


Message History

A centaur is nearby!
A centaur is nearby!
The helpless centaur fails to defend itself.
You sock the centaur! You squeeze the centaur.
The centaur is heavily wounded.
You redirect the centaur's attack!
The centaur hits itself.
The centaur barely misses itself.
The centaur hits you. The centaur kicks you.
You hit the centaur.
The centaur is severely wounded.
The centaur hits you but does no damage.
You block the centaur's attack.
You redirect the centaur's attack!
The centaur hits itself.
The centaur kicks itself.
You strike the helpless centaur from behind!
You sock the centaur!
You kill the centaur!
Things that are here:
a +0 shortbow; a centaur corpse No target in view!
An ogre comes into view. It is wielding a +0 giant club.
An ogre is nearby!
An ogre is nearby!
Throw: 9 darts (poison)
Press: ? - help, Q - select action, (/) - cycle Shift-Dir - straight line, f - ogre
Aim: an ogre, wielding a +0 giant club (asleep, 98% to hit)
You throw a poisoned dart.
The poisoned dart completely misses the ogre.
Throw: 8 darts (poison)
Press: ? - help, Q - select action, (/) - cycle Shift-Dir - straight line, f/p - ogre
Aim: an ogre, wielding a +0 giant club (wandering, hasn't noticed you, 77% to hit)
You throw a poisoned dart.
The poisoned dart barely misses the ogre.
The ogre shouts!
Throw: 7 darts (poison)
Press: ? - help, Q - select action, (/) - cycle Shift-Dir - straight line, f/p - ogre
Aim: an ogre, wielding a +0 giant club (77% to hit)
You throw a poisoned dart.
The poisoned dart closely misses the ogre.
Throw: 6 darts (poison)
Press: ? - help, Q - select action, (/) - cycle Shift-Dir - straight line, f/p - ogre
Aim: an ogre, wielding a +0 giant club (77% to hit)
You throw a poisoned dart.
The poisoned dart barely misses the ogre.
Throw: 5 darts (poison)
Press: ? - help, Q - select action, (/) - cycle Shift-Dir - straight line, f/p - ogre
Aim: an ogre, wielding a +0 giant club (77% to hit)
You throw a poisoned dart. The poisoned dart hits the ogre.
You bludgeon the ogre!! You squeeze the ogre!
The ogre is almost dead.
The ogre barely misses you.
You sock the ogre!
You kill the ogre!
Your Axes skill increases to level 2!
No target in view!
Things that are here:
a +0 giant club; an ogre corpse
q - 3 potions of curing (gained 2)
b - 5 poisoned darts (gained 1)
b - 8 poisoned darts (gained 3)
b - 9 poisoned darts (gained 1)
You now have 310 gold pieces (gained 3).
You open the door.
A scorpion comes into view.
An ice beast comes into view.
There are monsters nearby!
There are monsters nearby!
Found a club.
There is an open door here.
A howler monkey comes into view.
There is an open door here.
You hit the ice beast.
The ice beast is lightly wounded.
The ice beast misses you.
You sock the ice beast!
The ice beast is heavily wounded.
The ice beast barely misses you.
A shadow imp comes into view.
You block the ice beast's attack.
The shadow imp moves out of view.
You closely miss the ice beast. Your squeeze misses the ice beast.
The ice beast is heavily wounded.
You block the ice beast's attack.
You barely miss the ice beast.
The ice beast is heavily wounded.
The shadow imp shouts, "Relinquish hope, thou unmuzzled moldwarp crab-lanthorn!"
The ice beast hits you. The ice beast freezes you!
You feel a terrible chill!
You barely miss the ice beast.
The ice beast is heavily wounded.
The ice beast hits you. The ice beast freezes you!
You feel a terrible chill! The ice beast misses you.
You are too injured to fight recklessly!
The howler monkey howls!
You hit the ice beast.
The ice beast is severely wounded.
You block the scorpion's attack.
A howler monkey comes into view.
The ice beast hits you. The ice beast freezes you!
You feel a terrible chill!
* * * LOW HITPOINT WARNING * * *
The shadow imp begins to attack, but is stunned by your conviction!
The scorpion stings you.
You die...

########
########......###
#......@s........
##.######Y.....##.
#.......+.........
##..######......##.
##.).######...5..#
#..#.#...####..h..#
#.##.#.#.# ......h
######.##.#.#.###
.).h...
#....>.....<..).#
.......


You could see an ice beast, a scorpion, 2 howler monkeys and a shadow imp.

Vanquished Creatures
  Grinder (D:5)
  2 orc warriors
  A sky beast (D:6)
  An ogre (D:7)
  A centaur (D:7)
  2 gnoll sergeants (D:6)
  2 wights (D:5)
  A howler monkey (D:5)
  2 jellies
  5 hounds
  An orc priest (D:5)
  Jessica (D:3)
  An orc wizard (D:5)
  4 iguanas
  Robin (D:2)
  9 adders
  9 gnolls
  2 shadow imps (D:6)
  3 white imps (D:6)
  3 worms
  6 dart slugs
  18 orcs
  5 ball pythons
  2 bats (D:3)
  3 endoplasms
  2 giant cockroaches (D:4)
  6 hobgoblins
  A kobold (D:2)
  3 quokkas
  2 frilled lizards
  11 goblins
  5 rats
116 creatures vanquished.

Notes
Turn   | Place    | Note
-------+----------+-------------------------------------------
     0 | D:1      | Flugkiller the Octopode Brigand began the quest for the
                  | Orb.
     0 | D:1      | Reached XP level 1. HP: 14/14 MP: 1/1
   697 | D:1      | Reached XP level 2. HP: 20/20 MP: 2/2
  1067 | D:2      | Reached XP level 3. HP: 9/26 MP: 3/3
  1304 | D:2      | Noticed Robin
  1328 | D:2      | Killed Robin
  1420 | D:2      | Reached XP level 4. HP: 31/31 MP: 4/4
  1541 | D:2      | Found a sacrificial altar of Ru.
  1599 | D:2      | Became a worshipper of Ru the Awakened
  1966 | D:3      | Noticed Jessica
  1971 | D:3      | Killed Jessica
  1995 | D:3      | Reached XP level 5. HP: 23/36 MP: 5/5
  2122 | D:3      | Found Soediw's Weapon Shop.
  2755 | D:4      | Found a shadowy altar of Dithmenos.
  2868 | D:4      | Gained mutation: You are sensitive to extremes of
                  | temperature. (rF-, rC-) [Ru sacrifice]
  2868 | D:4      | Reached * piety under Ru
  2868 | D:4      | Reached ** piety under Ru
  2905 | D:4      | Reached XP level 6. HP: 39/43 MP: 6/6
  3111 | D:4      | Found a snail-covered altar of Cheibriados.
  3594 | D:5      | Entered Level 5 of the Dungeon
  3744 | D:5      | Found a bloodstained altar of Trog.
  3773 | D:5      | Found a burning altar of Makhleb.
  3847 | D:5      | Noticed an orc warrior
  3860 | D:5      | Killed an orc warrior
  3884 | D:5      | Reached XP level 7. HP: 30/48 MP: 7/7
  3895 | D:5      | Reached skill level 5 in Dodging
  4423 | D:5      | Noticed a shadow
  4447 | D:5      | Found a staircase to the Ecumenical Temple.
  4479 | D:5      | Noticed Grinder
  4490 | D:5      | Killed Grinder
  4491 | D:5      | Reached skill level 7 in Stealth
  5113 | D:6      | Reached XP level 8. HP: 43/54 MP: 8/8
  5173 | D:6      | Found a transporter.
  5185 | D:6      | Found a transporter.
  5272 | D:6      | Reached skill level 8 in Stealth
  5475 | D:6      | Reached skill level 9 in Stealth
  5856 | D:6      | Gained mutation: Your muscles are strong. (Str +4, Int/Dex
                  | -1) [potion of mutation]
  6172 | D:6      | Reached skill level 5 in Fighting
  6179 | D:6      | Gained mutation: You are somewhat inexperienced. (-1 XL)
                  | [Ru sacrifice]
  6179 | D:6      | Reached XP level 7. HP: 27/50 MP: 7/7
  6179 | D:6      | Reached *** piety under Ru
  6813 | D:6      | Found a hazy altar of Hepliaklqana.
  6816 | D:6      | Found a faded altar of an unknown god.
  6821 | D:6      | Reached skill level 1 in Axes
  6935 | D:7      | Slain by a scorpion

Illustrated notes

Levels and vault maps discovered:
D:1:      amcnicky_arrival_feature_with_door, layout_basic
D:2:      layout_basic, basic_altar, dk_noncrumbling_3, uniq_robin
D:3:      layout_basic, serial_shops, nicolae_shop_bloodbath_and_beyond,
          minmay_misc_feat_tower, grunt_ministairs_15, minivault_4, uniq_jessica
D:4:      layout_basic, mainiacjoe_overflow_big_doors, kennysheep_windowed_goal
D:5:      kennysheep_big_flooded_room, layout_basic,
          mainiacjoe_overflow_alcove_4, lemuel_tele_altar,
          minmay_temple_entry_grid, uniq_grinder
D:6:      gammafunk_steamed_eel, layout_gridville,
          beargit_hepliaklqana_dungeon_heroes
D:7:      layout_basic, ashenzari_conservatory_becter, minivault_25

Skill      XL: |  1  2  3  4  5  6  7  8 |
---------------+-------------------------+-----
Fighting       | 3 4 6 5 |  6.0
Dodging        | 3 4 6 |  6.5
Short Blades   | 4 |  4.0
Stealth        | 7 9 |  9.0
Axes           | 2 |  2.2
Throwing       | |  2.0

Action                   |  1- 3 |  4- 6 |  7- 9 || total
-------------------------+-------+-------+-------++-------
Melee: Dagger            |    40 |   129 |   132 ||   301
       Constrict         |     9 |    25 |    26 ||    60
       Tentacles         |     9 |    24 |    44 ||    77
       Punch             |     2 |     2 |     2 ||     6
       Flail             |       |       |    11 ||    11
       Unarmed           |       |       |    27 ||    27
Throw: Dart              |       |    10 |    24 ||    34
Invok: Sacrifice Resista |       |     1 |       ||     1
       Sacrifice Experie |       |       |     1 ||     1
  Use: Scroll            |       |    10 |     2 ||    12
       Potion            |       |     1 |     4 ||     5
 Stab: Sleeping          |     8 |    17 |     7 ||    32
       Distracted        |       |     2 |     1 ||     3
Armor: Skin              |       |     7 |    32 ||    39
Dodge: Dodged            |    11 |    51 |    51 ||   113
Block: Other             |       |     8 |    28 ||    36
       Reflection        |       |       |     2 ||     2

Table legend: (Time is in decaauts)
 A = Elapsed time spent in this place.
 B = Non-inter-level travel time spent in this place.
 C = Inter-level travel time spent in this place.
 D = Time resting spent in this place.
 E = Time spent auto-exploring this place.
 F = Levels seen in this place.
 G = Mean time per level.
                   A        B        C        D        E       F      G
               +--------+--------+--------+--------+--------+-----+--------+
         Total |   6886 |   6671 |    215 |   1741 |   3474 |   7 |  983.7 |
       Dungeon |   6886 |   6671 |    215 |   1741 |   3474 |   7 |  983.7 |
               +--------+--------+--------+--------+--------+-----+--------+

Top non-repeatable levels by time:
     D:5: 1767 daAuts
     D:6: 1475 daAuts
     D:1: 1010 daAuts
     D:4: 890 daAuts
     D:3: 839 daAuts
     D:2: 839 daAuts
     D:7: 63 daAuts
